 Dungeon Crawl Stone Soup version 0.31-a0-38-g1548c4f2a5 (console) character file.

Game seed: 16933672193338680480

2 petzl the Sneak (level 1, 0/16 (18) HPs)
             Began as a Formicid Delver on May 16, 2023.
             Slain by a gnoll
             ... wielding a +0 halberd
              (10 damage)
             ... on level 5 of the Dungeon.
             The game lasted 00:00:35 (45 turns).

petzl the Sneak (Formicid Delver)                     Turns: 45, Time: 00:00:35

HP:   0/16 (18)     AC:  3    Str: 16    XL:     1   Next: 44%
MP:   2/2           EV: 12    Int:  9    God:
Gold: 8             SH:  0    Dex: 15    Spells: 1/1 levels left

rFire   . . .        a - +0 mace
rCold   . . .        (no shield)
rNeg    . . .        b - +0 leather armour
rPois   .            (helmet unavailable)
rElec   .            (no cloak)
rCorr   .            (no gloves)
SInv    +            (no boots)
Will    .....        (no amulet)
Stlth   +++          (no ring)
HPRegen 0.22/turn    (no ring)
MPRegen 0.08/turn

%: no passive effects
@: heavily drained
A: permanent stasis, dig shafts and tunnels, antennae 3, four strong arms
a: Dig, Shaft Self


You were on level 5 of the Dungeon.
You visited 1 branch of the dungeon, and saw 1 of its levels.

You collected 8 gold pieces.

Inventory:

Hand Weapons
 a - a +0 mace (weapon)
Armour
 b - a +0 leather armour (worn)
Jewellery
 g - a ring of ice
Wands
 f - a wand of digging (3)
Scrolls
 c - a scroll of fog
 d - a scroll of magic mapping
 e - a scroll of fear


   Skills:
 - Level 3.2 Fighting
 - Level 2.0 Maces & Flails
 - Level 1.7 Dodging
 - Level 6.0 Stealth
 + Level 0.8 Spellcasting


You had one spell level left.
You didn't know any spells.
Your spell library was empty.

Dungeon Overview and Level Annotations

Branches:
Dungeon (5/15)
 Temple: D:4-7

Altars:


Innate Abilities, Weirdness & Mutations

You cannot be hasted, slowed, berserked, paralysed or teleported.
You can dig through walls and to a lower floor.
You have a pair of large antennae on your head. (SInv)
Your four strong arms can wield two-handed weapons with a shield.


Message History

You kill the jackal!
You see here a jackal corpse.
You barely miss the jackal. Your punch misses the jackal.
The jackal bites you but does no damage.
The jackal bites you.
You closely miss the jackal. The jackal bites you.
The jackal completely misses you.
You miss the jackal. The jackal bites you.
You miss the jackal. The jackal bites you.
The jackal bites you but does no damage.
You closely miss the jackal. The jackal barely misses you.
A gnoll comes into view. It is wielding a +0 halberd.
A gnoll bouda comes into view. It is wielding a +0 whip.
The jackal bites you but does no damage.
The gnoll bouda shouts!
You hit the jackal.
You kill the jackal!
A jelly comes into view.
The gnoll bouda gazes fiercely through you!
You feel your attacks grow feeble.
You see here a ring of ice.
g - a ring of ice Your attacks no longer feel as feeble.
The jelly quivers.
Found an escape hatch in the ceiling.
The gnoll bouda gazes fiercely through you!
You feel your attacks grow feeble.
The gnoll bouda barks out a call to the hunt!
The gnoll picks up the pace!
You extend your mandibles.
You dig through the rock wall.
You feel drained.
Found a fuming inky potion.
You retract your mandibles.
An iguana comes into view.
Found 15 gold pieces and a ring mail.
Your attacks no longer feel as feeble.
The gnoll barely misses you.
The gnoll hits you from afar with a +0 halberd.
The gnoll hits you from afar with a +0 halberd!
Ouch! That really hurt!
You die...

......≈....>.....#
.....≈≈ .........##
.≈≈≈≈≈. #.........###.
≈≈.....##...#..........
≈.....#>#...#..........
........#..|#..#.......
.....................#
.............††.#...##
................#....#
.......(.............#.
.......................
.....................#.
..................#..#
...........g.....# ...
..........##.........
.........##..........
.........g#g.##..#...
.$.....J#..........##
........#J.@<.......
...............l...
..........###[.....
.##.!....## #.##..
#.....## {..# . #.....#
{ .# #..##.# { . ##.
... ## # ..


You could see a gnoll bouda, an iguana (asleep), a jelly and a gnoll (swift).

Vanquished Creatures
  2 jackals (D:5)
2 creatures vanquished.

Notes
Turn   | Place    | Note
-------+----------+-------------------------------------------
     0 | D:5      | petzl the Formicid Delver began the quest for the Orb.
     0 | D:5      | Reached XP level 1. HP: 18/18 MP: 1/1
    27 | D:5      | Noticed a gnoll bouda
    29 | D:5      | Noticed a jelly
    38 | D:5      | Noticed an iguana
    45 | D:5      | Slain by a gnoll

Illustrated notes

Levels and vault maps discovered:
D:5:      minmay_inner_zag, layout_cave_pools, brannock_xom_greatest_gift,
          minmay_temple_entry_antechambers, serial_gnoll_camp,
          gnoll_camp_mini_basic, gnoll_camp_mini_loothouse,
          gnoll_camp_huts_moat, gnoll_camp_mini_hut, gnoll_camp_mini_shop,
          gnoll_camp_medium_01, serial_shops, nicolae_inconvenience_store

Action                     || total
---------------------------++-------
  Melee: Mace              ||     7
Ability: Dig               ||     1
 Armour: Leather armour    ||     3
  Dodge: Dodged            ||     3

Table legend: (Time is in decaauts)
 A = Elapsed time spent in this place.
 B = Non-inter-level travel time spent in this place.
 C = Inter-level travel time spent in this place.
 D = Time resting spent in this place.
 E = Time spent auto-exploring this place.
 F = Levels seen in this place.
 G = Mean time per level.
                   A        B        C        D        E       F      G
               +--------+--------+--------+--------+--------+-----+--------+
         Total |     47 |     47 |      0 |      0 |      0 |   1 |   47.0 |
       Dungeon |     47 |     47 |      0 |      0 |      0 |   1 |   47.0 |
               +--------+--------+--------+--------+--------+-----+--------+

Top non-repeatable levels by time:
     D:5: 47 daAuts
